 Dungeon Crawl Stone Soup version 0.25-a0-44-g29a1220a87 (webtiles) character file.

Game seed: 9714291872549853579, levelgen mode: deterministic

173728 Fingolfin the Severer (level 17, -4/167 HPs)
             Began as a Minotaur Berserker on Oct 23, 2019.
             Was an Elder of Trog.
             Slain by feelmyfire's ghost (10 damage)
             ... on level 3 of the Elven Halls.
             The game lasted 01:59:00 (27653 turns).

Fingolfin the Severer (Minotaur Berserker)         Turns: 27653, Time: 01:59:01

Health: -4/167     AC: 33    Str: 26    XL:     17   Next: 43%
Magic:  22/22      EV: 16    Int:  6    God:    Trog [****..]
Gold:   4054       SH:  0    Dex: 17    Spells: 16/16 levels left

rFire    . . .     SeeInvis .   a - +9 battleaxe (vamp)
rCold    . . .     Gourm    .   (shield currently unavailable)
rNeg     . . .     Faith    +   V - +8 chain mail of Charity {Dex+6 Stlth-}
rPois    .         Spirit   .   T - +2 hat
rElec    .         Reflect  .   Z - +2 cloak
rCorr    .         Harm     .   (no gloves)
MR       +....                  (no boots)
Stlth    ..........             D - amulet of faith
HPRegen  0.37/turn              f - +3 ring of protection
MPRegen  0.18/turn              h - +5 ring of protection

@: lethally poisoned (-4 -> -8), hasted, very quick
A: retaliatory headbutt, horns 2, robust 1, screaming 1
a: Berserk, Trog's Hand, Brothers in Arms, Renounce Religion


You were on level 3 of the Elven Halls.
You worshipped Trog.
Trog was greatly pleased with you.
You were not hungry.

You visited 4 branches of the dungeon, and saw 22 of its levels.
You also visited: Trove, Sewer and Bailey.

You collected 4080 gold pieces.
You spent 26 gold pieces at shops.

Inventory:

Hand Weapons
 a - a +9 vampiric battleaxe (weapon)
 b - the +6 executioner's axe "Fackixke" {flame, rF+}
   (Trog gifted it to you on level 2 of the Orcish Mines)

   It has been specially enchanted to burn those struck by it, causing extra
   injury to most foes and up to half again as much damage against particularly
   susceptible opponents.
   Big, fiery blades are also staple armaments of hydra-hunters.
   It protects you from fire.
 l - a +5 battleaxe of electrocution
Missiles
 t - 107 poisoned darts (quivered)
 C - 8 javelins
 I - 3 throwing nets
 J - 8 curare-tipped darts
 M - 16 datura-tipped darts
 P - 14 boomerangs of dispersal
 S - 19 silver javelins
Armour
 T - a +2 hat (worn)
 V - the +8 chain mail of Charity (worn) {Dex+6 Stlth-}
   (You found it on level 2 of the Lair of Beasts)

   It affects your dexterity (+6).
   It makes you less stealthy.
 Z - a +2 cloak (worn)
Jewellery
 c - an uncursed ring of flight
 f - a +3 ring of protection (left hand)
 h - a +5 ring of protection (right hand)
 s - an uncursed ring of protection from cold
 u - an uncursed ring of protection from fire
 x - an uncursed ring of positive energy
 D - an amulet of faith (around neck)
Wands
 m - a wand of iceblast (24)
 o - a wand of enslavement (8)
 A - a wand of clouds (4)
 B - a wand of digging (7)
 G - a wand of polymorph (16)
 L - a wand of paralysis (14)
 Y - a wand of acid (20)
Scrolls
 e - 15 scrolls of remove curse
 j - a scroll of blinking
 q - 8 scrolls of teleportation
 y - 4 scrolls of fog
 F - 5 scrolls of magic mapping
 H - a scroll of enchant armour
 R - 2 scrolls of summoning
 U - 6 scrolls of fear
 X - 2 scrolls of holy word
Potions
 g - 8 potions of heal wounds
 i - a potion of ambrosia {unknown}
 k - a potion of magic {unknown}
 n - 2 potions of invisibility
 r - 4 potions of lignification
 v - 6 potions of might
 w - 3 potions of haste
 z - 7 potions of curing
 E - 2 potions of agility
 N - a potion of resistance
Miscellaneous
 p - a fan of gales
 O - a lightning rod (4/4)
 Q - a lamp of fire
 W - a box of beasts
Comestibles
 d - 41 rations
 K - 2 chunks of flesh


   Skills:
 - Level 14.0 Fighting
 - Level 20.0 Axes
 - Level 16.0 Throwing
 - Level 12.0 Armour
 - Level 12.0 Dodging
   Level 5.1 Shields
 + Level 9.0 Evocations


You had 16 spell levels left.
You didn't know any spells.
Your spell library was empty.

Dungeon Overview and Level Annotations

Branches:
Dungeon (11/15)            Temple (0/1) D:6            Lair (6/6) D:8
 Shoals (0/4) Lair:3       Spider (0/4) Lair:3        Slime (0/5) Lair:5
    Orc (2/2) D:11            Elf (3/3) Orc:2         Sewer (visited)
 Bailey (visited)

Altars:
Cheibriados
Dithmenos
Fedhas
Gozag
Hepliaklqana
Makhleb
Nemelex Xobeh
Qazlal
Sif Muna
Uskayaw
Xom
Yredelemnul
Lugonu

Shops:
Orc:2 !*([*:

Annotations:
Elf:3 feelmyfire's ghost, adept HuCK


Innate Abilities, Weirdness & Mutations

You reflexively headbutt those who attack you in melee.
You have a pair of horns on your head.
You are robust. (+10% HP)
You occasionally shout uncontrollably at your foes.


Message History

You miss feelmyfire's ghost.
You headbutt feelmyfire's ghost, but do no damage.
Feelmyfire's ghost is heavily damaged.
You feel sick.
Your ogre hits feelmyfire's ghost with a +0 giant club!!
Feelmyfire's ghost hits you.
You are electrocuted!
The +1 halberd of chaos hits you but does no damage.
You feel as though your hastened speed will last longer.
You hit feelmyfire's ghost but do no damage.
Feelmyfire's ghost is heavily damaged.
You barely miss feelmyfire's ghost.
Feelmyfire's ghost is heavily damaged.
Your ogre hits feelmyfire's ghost with a +0 giant club!
The +1 halberd of chaos hits you from afar.
You are electrocuted!!
* * * LOW HITPOINT WARNING * * *
Feelmyfire's ghost hits you!!
* * * LOW HITPOINT WARNING * * *
You are electrocuted!
You die...

#..# #.....###........####.# #.##
#..##.# ##...##.## ##. #.#
#.....# ######<# ## #.# #.....#
#[# # #.# #.....## ##'## #.#
#..###.# ##...## #.# #.##}#.##
##.....##### #.## ###.(WO.#
##.......#...
...###########?#@.###..........##
.............###....+..........#
......######.....####..........#
......# ##.....## ##.......#.#
......# #.......# ##.....##.#
......# ##.....########...###.#
...<..# ####...####...###+## #.#
......# #........#.###.##.####.#
......# #.###.##..## ##.#.#.##.##


You could see a +1 halberd of chaos, feelmyfire's ghost and a friendly ogre
(berserk).

Vanquished Creatures
  Saint Roka (Orc:2)
  Jorgrun (Elf:2)
  2 deep elf master archers (Elf:3)
  3 deep elf blademasters
  Rupert (Orc:2)
  Asterion (Elf:1)
  Gastronok (D:10)
  6 deep elf sorcerers
  An orc warlord (Orc:2)
  5 deep elf elementalists (Elf:3)
  6 deep elf annihilators
  5 deep elf demonologists
  Snorg (Lair:5)
  2 deep elf death magi (Elf:3)
  The ghost of Libuhoy the Arsonist, a journeyman DEFE of Vehumet (Lair:4)
  Josephine (Orc:1)
  6 deep elf high priests (Elf:3)
  5 vault guards (Elf:2)
  The ghost of confidenceinterval the Spear-Bearer, a journeyman MfGl of Okawaru (D:11)
  10 hydras
  6 catoblepae
  Erica (D:8)
  The ghost of Flugkiller the Nimble, a journeyman OpEn of Gozag (Lair:2)
  A deep troll shaman (Lair:6)
  4 two-headed ogres
  19 dancing weapons
  6 death yaks
  15 deep elf knights
  3 orc high priests (Orc:2)
  A fire crab (shapeshifter) (Elf:2)
  12 deep elf archers
  3 orc knights (Orc:2)
  An orb spider (Lair:3)
  2 oklob plants
  51 deep elf magi
  5 orc sorcerers
  A manticore (Lair:3)
  19 elephants
  2 black mambas
  Maurice (Orc:2)
  A gargoyle (D:11)
  7 spiny frogs
  Psyche (D:11)
  3 komodo dragons (Lair:4)
  A rime drake (Lair:1)
  A komodo dragon (shapeshifter) (Elf:3)
  3 kobold demonologists (D:11)
  6 trolls
  2 polar bears
  A meliai (Lair:2)
  2 queen bees
  2 hornets (Lair:2)
  8 blink frogs
  2 slime creatures
  8 hippogriffs
  5 air elementals
  A water elemental (Elf:1)
  A shadow (D:11)
  7 wraiths
  25 yaks
  2 fire elementals
  2 wyverns
  3 basilisks
  A steam dragon (D:7)
  A golden eye (shapeshifter) (Elf:3)
  2 hungry ghosts
  5 wargs
  2 acid dragons (D:11)
  14 water moccasins
  5 porcupines
  2 ice beasts
  34 orc warriors
  5 sky beasts
  2 black bears (Lair:6)
  4 phantoms
  21 wolves
  8 centaurs
  9 ogres
  12 crocodiles
  6 big kobolds
  15 bullfrogs
  2 wyvern zombies
  An earth elemental (Elf:1)
  6 scorpions
  A water moccasin zombie (D:5)
  40 killer bees
  2 electric eels (Lair:1)
  5 wights (D:10)
  7 crimson imps
  A bullfrog zombie (D:5)
  2 quasits
  28 orc priests
  6 hounds
  11 jellies
  33 orc wizards
  A bullfrog skeleton (D:5)
  5 centaur skeletons
  8 iguanas
  8 worker ants
  7 hell rats (Lair:2)
  8 ogre zombies (D:11)
  A hound zombie (D:5)
  A hound skeleton (D:10)
  A howler monkey zombie (D:6)
  3 worker ant zombies
  5 gnolls
  11 adders
  A shadow imp (D:6)
  17 oozes
  An adder skeleton (D:10)
  An adder zombie (D:9)
  2 worms (D:4)
  2 dart slugs
  5 leopard geckos
  102 orcs
  7 giant cockroaches
  14 goblins
  8 hobgoblins
  6 jackals
  4 quokkas
  5 ball pythons
  11 bats
  9 frilled lizards
  A giant cockroach zombie (D:5)
  A goblin skeleton (D:11)
  5 goblin zombies (D:11)
  2 hobgoblin skeletons (D:11)
  2 hobgoblin zombies (D:11)
  19 kobolds
  A leopard gecko zombie (D:5)
  3 orc skeletons (D:11)
  12 orc zombies (D:11)
  A quokka zombie (D:6)
  8 rats
  2 crawling corpses (Elf:3)
  A fungus (Lair:3)
  A plant (Lair:1)
914 creatures vanquished.

Vanquished Creatures (collateral kills)
  3 dancing weapons
  2 deep elf magi (Elf:2)
  2 oklob plants (Lair:1)
  An orc priest (Orc:2)
  2 orc wizards (Orc:2)
  An orc (Orc:2)
11 creatures vanquished.

Vanquished Creatures (others)
  A deep elf elementalist (Elf:3)
  A deep elf death mage (Elf:3)
  3 deep elf magi
  A crawling corpse (Elf:3)
  6 fungi
  7 plants
  14 toadstools
33 creatures vanquished.

Grand Total: 958 creatures vanquished

Notes
Turn   | Place    | Note
-------+----------+-------------------------------------------
     0 | D:1      | Fingolfin the Minotaur Berserker began the quest for the
                  | Orb.
     0 | D:1      | Reached XP level 1. HP: 19/19 MP: 0/0
   147 | D:1      | Reached XP level 2. HP: 28/28 MP: 1/1
   615 | D:1      | Reached skill level 5 in Fighting
   771 | D:2      | Reached XP level 3. HP: 36/36 MP: 2/2
   796 | D:2      | Found a basalt altar of Yredelemnul.
   807 | D:2      | Reached XP level 4. HP: 39/44 MP: 1/3
   993 | D:2      | Reached ** piety under Trog
  1457 | D:3      | Reached XP level 5. HP: 52/52 MP: 2/4
  1824 | D:3      | Reached *** piety under Trog
  1923 | D:3      | Found a shadowy altar of Dithmenos.
  2174 | D:4      | Noticed an ogre
  2180 | D:4      | Killed an ogre
  2180 | D:4      | Reached XP level 6. HP: 62/62 MP: 3/5
  2230 | D:4      | Noticed a sky beast
  2250 | D:4      | Killed a sky beast
  2499 | D:4      | Found a hazy altar of Hepliaklqana.
  2628 | D:4      | Found an opulent altar of Gozag.
  2812 | D:4      | Found a blossoming altar of Fedhas.
  3180 | D:4      | Reached XP level 7. HP: 69/69 MP: 6/6
  3363 | D:5      | Entered Level 5 of the Dungeon
  3429 | D:5      | Reached skill level 5 in Armour
  3804 | D:5      | Reached skill level 5 in Dodging
  3964 | D:5      | Reached XP level 8. HP: 38/75 MP: 2/7
  4209 | D:5      | Reached skill level 1 in Throwing
  4389 | D:5      | Reached **** piety under Trog
  4787 | D:5      | Reached skill level 5 in Throwing
  5073 | D:6      | Reached skill level 4 in Axes
  5193 | D:6      | Found a stormy altar of Qazlal.
  5335 | D:6      | Found a staircase to the Ecumenical Temple.
  5381 | D:6      | Found a burning altar of Makhleb.
  5385 | D:6      | Reached skill level 1 in Evocations
  5390 | D:6      | Reached XP level 9. HP: 81/82 MP: 8/8
  5404 | D:6      | Found a hide-covered altar of Uskayaw.
  5436 | D:6      | Found a glowing drain.
  5445 | Sewer    | Entered a sewer
  5464 | Sewer    | Reached skill level 5 in Axes
  5685 | Sewer    | Reached ***** piety under Trog
  6020 | D:6      | Found a sparkling altar of Nemelex Xobeh.
  6078 | D:6      | Received a gift from Trog
  6191 | D:7      | Reached skill level 6 in Axes
  6327 | D:7      | Received a gift from Trog
  6671 | D:7      | Reached skill level 5 in Evocations
  7297 | D:8      | Noticed a two-headed ogre
  7303 | D:8      | Killed a two-headed ogre
  7303 | D:8      | Reached XP level 10. HP: 90/90 MP: 12/14
  7734 | D:8      | Found a staircase to the Lair.
  7735 | D:8      | Paralysed by an orc for 2 turns
  8088 | D:8      | Found a basalt altar of Yredelemnul.
  8291 | D:8      | Reached skill level 10 in Fighting
  8297 | D:8      | Noticed Erica
  8305 | D:8      | Killed Erica
  8796 | Lair:1   | Entered Level 1 of the Lair of Beasts
  8837 | Lair:1   | Noticed an oklob plant
  8839 | Lair:1   | Noticed an oklob plant
  8839 | Lair:1   | Noticed an oklob plant
  8934 | Lair:1   | Received a gift from Trog
  8945 | Lair:1   | Reached XP level 11. HP: 105/105 MP: 13/16
  8970 | Lair:1   | Upgraded the game from 0.25-a0-42-g6c54e25894 to
                  | 0.25-a0-44-g29a1220a87
  9019 | Lair:1   | Reached skill level 1 in Shields
  9489 | Lair:1   | Got a faintly glowing flail
  9490 | Lair:1   | Identified the +3 flail of the Mind {speed, Dex+2 SInv}
                  | (You found it on level 1 of the Lair of Beasts)
  9775 | Lair:1   | Got a shimmering ring mail
  9797 | Lair:1   | Identified the +3 ring mail "Iruropios" {rElec MR+ Int+2}
                  | (You found it on level 1 of the Lair of Beasts)
 10388 | Lair:1   | Noticed a catoblepas
 10388 | Lair:1   | Noticed a catoblepas
 10410 | Lair:1   | Found a runed translucent door.
 10637 | Lair:1   | Killed a catoblepas
 10689 | Lair:1   | Killed a catoblepas
 10689 | Lair:1   | Reached skill level 5 in Shields
 11170 | Lair:1   | Got a jewelled long sword
 11186 | Lair:1   | Identified the +5 long sword of Saomul {flame, rElec} (You
                  | found it on level 1 of the Lair of Beasts)
 11284 | Lair:1   | Killed an oklob plant
 11291 | Lair:1   | Killed an oklob plant
 11296 | Lair:1   | Killed an oklob plant
 11500 | Lair:2   | Noticed a catoblepas
 11515 | Lair:2   | Killed a catoblepas
 11515 | Lair:2   | Reached skill level 7 in Axes
 11898 | Lair:2   | Reached skill level 8 in Axes
 11908 | Lair:2   | Found a transporter.
 11986 | Lair:2   | Reached skill level 9 in Axes
 11997 | Lair:2   | Received a gift from Trog
 12025 | Lair:2   | Noticed Flugkiller's ghost (journeyman OpEn)
 12027 | Lair:2   | Found a transporter.
 12081 | Lair:2   | Got an ancient chain mail
 12092 | Lair:2   | Identified the +8 chain mail of Charity {Dex+6 Stlth-} (You
                  | found it on level 2 of the Lair of Beasts)
 12122 | Lair:2   | Reached XP level 12. HP: 113/113 MP: 15/17
 12132 | Lair:2   | Noticed a six-headed hydra
 12144 | Lair:2   | Killed a two-headed hydra
 12144 | Lair:2   | Reached skill level 10 in Axes
 12420 | Lair:2   | Reached skill level 11 in Axes
 12846 | Lair:2   | Killed Flugkiller's ghost
 12846 | Lair:2   | Reached skill level 12 in Axes
 12850 | Lair:2   | Paralysed by a hornet for 2 turns
 12964 | Lair:3   | Noticed a six-headed hydra
 12977 | Lair:3   | Killed a three-headed hydra
 13112 | Lair:3   | Reached skill level 13 in Axes
 13223 | Lair:3   | Found a hole to the Spider Nest.
 13298 | Lair:3   | Found a staircase to the Shoals.
 13438 | Lair:3   | Noticed a four-headed hydra
 13446 | Lair:3   | Killed a one-headed hydra
 13446 | Lair:3   | Reached skill level 14 in Axes
 14529 | Lair:4   | You fall into a shaft and drop 1 floor!
 14569 | Lair:5   | Found a staircase to the Slime Pits.
 14869 | Lair:4   | You fall into a shaft and drop 2 floors!
 14869 | Lair:6   | Entered Level 6 of the Lair of Beasts
 14925 | Lair:6   | Reached XP level 13. HP: 119/119 MP: 16/18
 14926 | Lair:6   | Reached skill level 15 in Axes
 15423 | Lair:4   | Found a runed translucent door.
 15423 | Lair:4   | Found a shimmering altar of Xom.
 15423 | Lair:4   | Noticed Libuhoy's ghost (journeyman DEFE)
 15435 | Lair:4   | Killed Libuhoy's ghost
 15435 | Lair:4   | Reached skill level 16 in Axes
 15774 | Lair:4   | Found a snail-covered altar of Cheibriados.
 16094 | Lair:5   | Noticed Snorg
 16111 | Lair:5   | Killed Snorg
 16981 | Lair:6   | Reached skill level 10 in Armour
 16998 | Lair:6   | Reached skill level 10 in Dodging
 17458 | Lair:6   | Reached XP level 14. HP: 126/130 MP: 19/19
 17856 | D:9      | Received a gift from Trog
 18452 | D:10     | Entered Level 10 of the Dungeon
 18499 | D:10     | Noticed Gastronok
 18512 | D:10     | Killed Gastronok
 19144 | D:10     | Reached ****** piety under Trog
 19149 | D:10     | Received a gift from Trog
 19369 | D:10     | Received a gift from Trog
 19600 | D:11     | Found a runed translucent gate.
 19600 | D:11     | Found a runed translucent gate.
 19600 | D:11     | Found a runed translucent gate.
 19600 | D:11     | Noticed confidenceinterval's ghost (journeyman MfGl)
 19611 | D:11     | Killed confidenceinterval's ghost
 19839 | D:11     | Noticed Psyche
 19845 | D:11     | Killed Psyche
 19881 | D:11     | Found a staircase to the Orcish Mines.
 19897 | D:11     | Received a gift from Trog
 20190 | D:11     | Found a corrupted altar of Lugonu.
 20435 | Orc:1    | Entered Level 1 of the Orcish Mines
 20441 | Orc:1    | Noticed Josephine
 20455 | Orc:1    | Killed Josephine
 20465 | Orc:1    | Found a flagged portal.
 20466 | Orc:1    | Paralysed by an orc sorcerer for 2 turns
 20494 | Bailey   | Entered a bailey
 21000 | Orc:2    | Entered Level 2 of the Orcish Mines
 21012 | Orc:2    | Noticed Saint Roka
 21033 | Orc:2    | Killed Saint Roka
 21033 | Orc:2    | Reached skill level 17 in Axes
 21036 | Orc:2    | Received a gift from Trog
 21127 | Orc:2    | Found Wejet's Whimsical Warehouse.
 21217 | Orc:2    | Found Nicutsot's Distillery.
 21256 | Orc:2    | Noticed Maurice
 21263 | Orc:2    | Killed Maurice
 21264 | Orc:2    | Noticed Rupert
 21285 | Orc:2    | Killed Rupert
 21440 | Orc:2    | Found a staircase to the Elven Halls.
 21637 | Orc:2    | Reached XP level 15. HP: 138/138 MP: 20/20
 21647 | Orc:2    | Reached skill level 18 in Axes
 21662 | Orc:2    | Noticed an orc warlord
 21666 | Orc:2    | Received a gift from Trog
 21677 | Orc:2    | Killed an orc warlord
 21682 | Orc:2    | Received a gift from Trog
 21718 | Orc:2    | Got an ichor-stained executioner's axe {god gift}
 21719 | Orc:2    | Identified the +6 executioner's axe "Fackixke" {flame, rF+}
                  | (Trog gifted it to you on level 2 of the Orcish Mines)
 21794 | Orc:2    | Found Ywoq Goa's Antique Armour Emporium.
 21795 | Orc:2    | Found Viegg's Antique Weapon Emporium.
 21796 | Orc:2    | Found Boleuv's General Store.
 21796 | Orc:2    | Found Ujosirur's Book Shoppe.
 21800 | Orc:2    | Bought a scroll of identify for 26 gold pieces
 22100 | Elf:1    | Entered Level 1 of the Elven Halls
 22115 | Elf:1    | Noticed Asterion
 22125 | Elf:1    | Killed Asterion
 22130 | Elf:1    | Reached skill level 19 in Axes
 22343 | Elf:1    | Noticed a deep elf sorcerer
 22352 | Elf:1    | Received a gift from Trog
 22357 | Elf:1    | Killed a deep elf sorcerer
 22374 | Elf:1    | Reached skill level 20 in Axes
 23014 | Elf:1    | Identified the ring "Jekah" {rPois Stlth-}
 23041 | Elf:1    | Got a smoking scale mail
 23052 | Elf:1    | Identified the +6 scale mail of Shadows and Fog {MR+} (You
                  | found it on level 1 of the Elven Halls)
 23146 | Elf:2    | Found a shimmering blue altar of Sif Muna.
 23241 | Elf:2    | Noticed Jorgrun
 23248 | Elf:2    | Killed Jorgrun
 23322 | Elf:2    | Reached XP level 16. HP: 146/146 MP: 21/21
 23328 | Elf:2    | Found a portal to a secret trove of treasure.
 23346 | Trove    | Entered a treasure trove
 23367 | Trove    | Got a steaming long sword
 23368 | Trove    | Identified the +2 long sword "Zicimn" {freeze, Str+2} (You
                  | found it in a treasure trove)
 23484 | Elf:2    | Reached skill level 10 in Throwing
 23881 | Elf:2    | Found a huge runed translucent gate.
 23884 | Elf:2    | Found a huge runed translucent gate.
 23884 | Elf:2    | Found a huge runed translucent gate.
 23885 | Elf:2    | Found a huge runed translucent gate.
 23886 | Elf:2    | Found a huge runed translucent gate.
 23999 | Elf:2    | Reached * piety under Trog
 25069 | Elf:2    | Noticed a deep elf blademaster
 25084 | Elf:2    | Killed a deep elf blademaster
 25244 | Elf:3    | Entered Level 3 of the Elven Halls
 25383 | Elf:3    | Found a runed translucent door.
 25383 | Elf:3    | Found a shimmering altar of Xom.
 25383 | Elf:3    | Noticed feelmyfire's ghost (adept HuCK)
 26059 | Elf:3    | Noticed a Hell Sentinel
 26072 | Elf:3    | Noticed a Brimstone Fiend
 26073 | Elf:3    | Gained mutation: You are frail. (-10% HP) [a neqoxec]
 26076 | Elf:3    | Gained mutation: Scrolls take you a little longer to read.
                  | [a neqoxec]
 26081 | Elf:3    | Lost mutation: Scrolls take you a little longer to read.
                  | [potion of mutation]
 26081 | Elf:3    | Lost mutation: You are frail. (-10% HP) [potion of
                  | mutation]
 26081 | Elf:3    | Gained mutation: Your body sometimes deteriorates upon
                  | taking damage. [potion of mutation]
 26081 | Elf:3    | Gained mutation: You have sharp toenails. [potion of
                  | mutation]
 26202 | Elf:3    | Noticed a deep elf master archer
 26217 | Elf:3    | Killed a deep elf master archer
 26417 | Elf:3    | Received a gift from Trog
 26438 | Elf:3    | Reached XP level 17. HP: 116/152 MP: 22/22
 26608 | Elf:3    | Reached skill level 15 in Throwing
 26617 | Elf:3    | Noticed a deep elf master archer
 26638 | Elf:3    | Killed a deep elf master archer
 26700 | Elf:3    | Noticed a deep elf blademaster
 26703 | Elf:3    | Noticed a deep elf blademaster
 26719 | Elf:3    | Killed a deep elf blademaster
 26719 | Elf:3    | Received a gift from Trog
 26735 | Elf:3    | Killed a deep elf blademaster
 26912 | Elf:3    | Identified the ring "Kuralo" {rF+ MP+9 Str+3 Slay-6}
 26913 | Elf:3    | Identified the +7 rapier of Fate {pierce, rC+ SInv}
 27019 | Elf:3    | Gained mutation: Scrolls take you a little longer to read.
                  | [a cacodemon]
 27020 | Elf:3    | Identified the cursed +1 plate armour of Hadjma {+Inv rC+++
                  | Str-5}
 27159 | Elf:3    | Lost mutation: Scrolls take you a little longer to read.
                  | [potion of mutation]
 27159 | Elf:3    | Lost mutation: Your body sometimes deteriorates upon taking
                  | damage. [potion of mutation]
 27159 | Elf:3    | Lost mutation: You have sharp toenails. [potion of
                  | mutation]
 27159 | Elf:3    | Gained mutation: You occasionally shout uncontrollably at
                  | your foes. [potion of mutation]
 27159 | Elf:3    | Gained mutation: You are robust. (+10% HP) [potion of
                  | mutation]
 27450 | Elf:3    | Received a gift from Trog
 27653 | Elf:3    | HP: 6/167 [feelmyfire's ghost (29)]
 27653 | Elf:3    | Slain by feelmyfire's ghost

Levels and vault maps discovered:
D:1:      ldierk_water_garden, layout_loops_ring, minmay_misc_feat_square
D:2:      layout_basic, nicolae_overflow_crystal_walls
D:3:      layout_basic, grunt_dithmenos_smoke_and_mirrors,
          minmay_misc_feat_alley, minivault_23, wad_orctagon
D:4:      layout_basic, kennysheep_mini, lemuel_doored_altar,
          kennysheep_mini_moat, grunt_ministairs_14
D:5:      kennysheep_windowed_halls, layout_cave_pools, first_ration
D:6:      layout_loops_ring, kennysheep_little_box, makhleb_heckhound_becter,
          nicolae_qazlal_general_emergency, minmay_temple_entry_butterflies,
          portal_sewer_entry_d, nemelex_diamond_rough_becter
D:7:      layout_cave_pools
D:8:      layout_basic, erik_lair_orcish_takeover, lemuel_statue_altar,
          uniq_erica
D:9:      layout_roguey, nicolae_overflow_hidden_temple, david_nohive_1,
          minmay_fractal_squares_5
D:10:     layout_rooms, minmay_misc_feat_diagonals, uniq_gastronok
D:11:     kennysheep_kobold_lugonu_temple, layout_cave_pools, zombieorc2_lemuel,
          gammafunk_ghost_spectres, serial_park, serial_park_tiny_2, uniq_psyche
Lair:1:   gammafunk_lair_enchanted_lake, layout_cave_pods,
          minmay_lair_oklob_chamber
Lair:2:   lemuel_slime, layout_regular_city, gammafunk_ghost_hive,
          guppyfry_lair_drakes, grunt_megastairs_4, infiniplex_staircase_pool
Lair:3:   layout_cave_pods, minmay_shoals_entry_beasts,
          nicolae_spider_entry_orb_guardian
Lair:4:   layout_cave_pods, ebering_ghost_xom, basic_altar
Lair:5:   layout_layer_cave, minmay_slime_entry_pillars,
          chequers_serial_rivers_marsh, kennysheep_catoblepas_arena, uniq_snorg
Lair:6:   grunt_lair_end_beastmaster, layout_hall_layers,
          chequers_serial_rivers_small_b
Orc:1:    layout_diamond_mine, enter_bailey_6, uniq_josephine
Orc:2:    st_orc_congregation, layout_diamond_mine, serial_shops, shop,
          nicolae_alphabet_shops, nicolae_orc_flooded_monolith,
          lightli_orcish_oven, uniq_saint_roka, uniq_rupert, uniq_maurice
Elf:1:    minmay_the_grid_triangle_9x9_rhombus_thin_mashed
          [minmay_the_grid_triangle_9x9_skeleton,
          minmay_the_grid_triangle_9x9_prize_insulated,
          minmay_the_grid_triangle_9x9_sprig,
          minmay_the_grid_triangle_9x9_intruding_spiral], layout_loops_ring,
          minmay_elf_demonology, uniq_asterion
Elf:2:    layout_geoelf_diagonals, basic_altar, enter_trove_5, uniq_jorgrun
Elf:3:    nooodl_elf_gasket, layout_loops_corners, ebering_ghost_xom

Skill      XL: |  1  2  3  4  5  6  7  8  9 10 11 12 13 14 15 16 17 |
---------------+----------------------------------------------------+-----
Fighting       | 4 5 6 7 8 12 13 14 | 14.0
Armour         | 4 6 8 10 12 | 12.0
Dodging        | 3 6 8 10 12 | 12.0
Throwing       | 6 9 14 16 | 16.0
Axes           | 4 6 9 14 16 17 20 | 20.0
Evocations     | 1 7 8 9 |  9.0
Shields        | 5 |  5.1

Action                   |  1- 3 |  4- 6 |  7- 9 | 10-12 | 13-15 | 16-18 || total
-------------------------+-------+-------+-------+-------+-------+-------++-------
Melee: Hand axe          |    78 |   170 |   386 |   200 |       |       ||   834
       Headbutt          |    12 |    25 |    79 |   146 |   237 |    84 ||   583
       Battleaxe         |       |       |       |   245 |   770 |   367 ||  1382
       Flail             |       |       |       |    74 |       |       ||    74
       Long sword        |       |       |       |    17 |    31 |       ||    48
       Kick              |       |       |       |       |       |    19 ||    19
Throw: Dart              |       |       |       |    33 |     9 |       ||    42
       Stone             |       |       |       |    17 |       |       ||    17
       Boomerang         |       |       |       |     7 |       |     6 ||    13
Invok: Berserk           |       |     4 |    10 |    10 |     7 |     1 ||    32
       Trog's Hand       |       |       |     1 |     7 |     4 |     1 ||    13
       Brothers in Arms  |       |       |       |     1 |     1 |     2 ||     4
Evoke: Wand              |       |       |       |     2 |     2 |     9 ||    13
       Lamp of fire      |       |       |       |       |       |     1 ||     1
  Use: Scroll            |       |       |       |    21 |    18 |     8 ||    47
       Potion            |       |       |       |       |       |     7 ||     7
 Stab: Sleeping          |     1 |       |       |       |       |       ||     1
       Paralysed         |       |       |       |     3 |       |       ||     3
       Petrified         |       |       |       |     1 |     3 |       ||     4
       Petrifying        |       |       |       |       |     1 |       ||     1
       Invisible         |       |       |       |       |       |     1 ||     1
  Eat: Chunk             |       |    10 |    24 |    21 |    34 |    16 ||   105
       Ration            |       |       |       |     5 |     1 |       ||     6
Armor: Animal skin       |    13 |       |       |       |       |       ||    13
       Chain mail        |    14 |    90 |   213 |   226 |   504 |   225 ||  1272
       Ring mail         |       |       |       |    31 |       |       ||    31
Dodge: Dodged            |    42 |    32 |   134 |   277 |   801 |   173 ||  1459
Block: Shield            |       |    66 |   169 |    99 |       |       ||   334
       Large shield      |       |       |       |    36 |       |       ||    36
       Rpst.: Long sword |       |       |       |     5 |     1 |       ||     6

Table legend:
 A = Non-vault XP
 B = Vault XP
 C = Vault XP percentage of total XP
 D = Non-vault monster count
 E = Vault monster count
 F = Vault count percentage of total count
                 A         B        C        D         E       F
            +---------+---------+-------+---------+---------+-------
      Total |   96627 |  151557 |  61.1 |     518 |     407 |  44.0
            +---------+---------+-------+---------+---------+-------
        D:1 |      35 |       0 |   0.0 |      23 |       0 |   0.0
        D:2 |     100 |       0 |   0.0 |      12 |       0 |   0.0
        D:3 |     172 |      12 |   6.5 |      34 |       4 |  10.5
        D:4 |     509 |       5 |   1.0 |      12 |       1 |   7.7
        D:5 |    1110 |     574 |  34.1 |      29 |      13 |  31.0
        D:6 |     547 |      55 |   9.1 |      19 |       2 |   9.5
        D:7 |    1183 |     161 |  12.0 |      32 |       1 |   3.0
        D:8 |    2241 |    1462 |  39.5 |      22 |       9 |  29.0
        D:9 |    1479 |    2161 |  59.4 |      15 |      22 |  59.5
       D:10 |    3215 |    2286 |  41.6 |      33 |       1 |   2.9
       D:11 |    4996 |    3922 |  44.0 |      44 |      45 |  50.6
     Lair:1 |    3172 |    4922 |  60.8 |      15 |      14 |  48.3
     Lair:2 |    5538 |    5351 |  49.1 |      29 |      37 |  56.1
     Lair:3 |    3750 |    1363 |  26.7 |      13 |       3 |  18.8
     Lair:4 |    6652 |    1599 |  19.4 |      18 |       2 |  10.0
     Lair:5 |    6133 |    2597 |  29.7 |      18 |       7 |  28.0
     Lair:6 |   11005 |    8232 |  42.8 |      36 |      17 |  32.1
      Orc:1 |    1725 |    1897 |  52.4 |      14 |       5 |  26.3
      Orc:2 |    2804 |   20068 |  87.7 |      31 |      94 |  75.2
      Elf:1 |    9926 |   17935 |  64.4 |      16 |      24 |  60.0
      Elf:2 |   15888 |   29287 |  64.8 |      27 |      33 |  55.0
      Elf:3 |   14447 |   46570 |  76.3 |      26 |      33 |  55.9
      Sewer |       0 |     524 | 100.0 |       0 |      24 | 100.0
     Bailey |       0 |     574 | 100.0 |       0 |      16 | 100.0
            +---------+---------+-------+---------+---------+-------
